 Dungeon Crawl Stone Soup version 0.30-a0-728-gc68057be0a (webtiles) character file.

Game seed: 9831376767637662646

113295 Zenkrye the Grappler (level 16, 0/130 HPs)
             Began as a Gnoll Cinder Acolyte on Jan 24, 2023.
             Was a High Priest of Ignis.
             Slain by a demonic crawler (8 damage)
             ... on level 1 of the Spider Nest on Jan 31, 2023.
             The game lasted 02:41:02 (37019 turns).

Zenkrye the Grappler (Gnoll Cinder Acolyte)        Turns: 37019, Time: 02:41:02

Health: 0/130      AC: 28    Str: 17    XL:     16   Next: 62%
Magic:  2/40       EV: 12    Int: 26    God:    Ignis [*****.]
Gold:   376        SH: 15    Dex:  7    Spells: 18/38 levels left

rFire   + . .      SeeInvis .      - Unarmed
rCold   . . .      Faith    .    Y - +0 kite shield
rNeg    . . .      Spirit   .    h - +7 swamp dragon scales
rPois   +          Reflect  +    e - +1 helmet
rElec   .          Harm     .    n - +0 cloak
rCorr   +          Rampage  .    T - +2 pair of gloves
Will    ++++.                    C - +2 pair of boots of Xum Xagh {Will+++ rCorr Str+4 Int-3}
Stlth   ++++                     D - amulet of reflection
HPRegen 0.41/turn                x - ring of magical power
MPRegen 0.27/turn                t - +6 ring of intelligence

@: no status effects
A: fangs 1, strong nose, distributed training
a: Renounce Religion, Fiery Armour, Foxfire Swarm, Rising Flame


You were on level 1 of the Spider Nest.
You worshipped Ignis.
Ignis was extremely pleased with you.
You visited 5 branches of the dungeon, and saw 24 of its levels.
You also visited: Ossuary.

You collected 2935 gold pieces.
You spent 2559 gold pieces at shops.

Inventory:

Hand Weapons
 B - a +3 hand axe of electrocution
 I - a +1 short sword of holy wrath
Missiles
 a - 4 boomerangs (quivered)
 U - a throwing net {!f}
Armour
 e - a +1 helmet (worn)
 h - +7 swamp dragon scales (worn)
 k - +0 fire dragon scales
 n - a +0 cloak (worn)
 C - the +2 pair of boots of Xum Xagh (worn) {Will+++ rCorr Str+4 Int-3}
   (You acquired it on level 14 of the Dungeon)

   Str:       It affects your strength (+4).
   Int:       It affects your intelligence (-3).
   rCorr:     It protects you from acid and corrosion.
   Will:      It greatly increases your willpower.
 T - a +2 pair of gloves (worn)
 Y - a +0 kite shield (worn)
Magical Staves
 p - a staff of fire
 v - a staff of earth
Jewellery
 c - a ring of protection from cold
 f - a ring of protection from fire
 s - a ring of willpower
 t - a +6 ring of intelligence (right hand)
 x - a ring of magical power (left hand)
 D - an amulet of reflection (around neck)
 L - a ring of see invisible
 P - the ring "Losyec" {+Blink rN+++ Will- Str+6 Stlth+}
   (You found it on level 11 of the Dungeon)

   [ring of strength]

   Str:       It affects your strength (+6).
   rN:        It renders you almost immune to negative energy.
   +Blink:    It lets you blink.
   Will:      It decreases your willpower.
   Stlth:     It makes you more stealthy.
Wands
 g - a wand of flame (44)
 j - a wand of paralysis (24)
 E - a wand of digging (7) {@v1}
 G - a wand of mindburst (10)
 W - a wand of roots (10)
Scrolls
 b - 8 scrolls of teleportation {@r3}
 i - 19 scrolls of identify {@r1}
 o - a scroll of brand weapon
 q - 4 scrolls of poison
 r - 2 scrolls of enchant weapon
 w - a scroll of fear
 y - 2 scrolls of fog
 z - 3 scrolls of magic mapping
 J - 3 scrolls of amnesia
 R - 6 scrolls of immolation
 V - a scroll of summoning
Potions
 d - 3 potions of cancellation
 l - 4 potions of brilliance
 u - 3 potions of haste {@q3}
 A - a potion of might {@q4}
 F - 3 potions of invisibility
 H - 4 potions of curing {@q1}
 K - 4 potions of berserk rage
 M - a potion of magic
 O - 2 potions of mutation
 X - 5 potions of flight
 Z - a potion of resistance {@q6}
Miscellaneous
 N - a condenser vane (inert)
 S - a phial of floods


   Skills:
 + Level 13.0 Fighting
 + Level 11.4 Short Blades
 + Level 11.4 Long Blades
 + Level 11.4 Axes
 + Level 11.4 Maces & Flails
 + Level 11.4 Polearms
 + Level 11.4 Staves
 + Level 11.4 Ranged Weapons
 + Level 11.4 Throwing
 + Level 11.4 Armour
 + Level 11.4 Dodging
 + Level 11.4 Stealth
 + Level 11.4 Shields
 + Level 13.0 Unarmed Combat
 + Level 11.8 Spellcasting
 + Level 9.6 Conjurations
 + Level 9.6 Hexes
 + Level 9.6 Summonings
 + Level 9.6 Necromancy
 + Level 9.6 Translocations
 + Level 9.6 Transmutations
 + Level 11.1 Fire Magic
 + Level 9.6 Ice Magic
 + Level 9.6 Air Magic
 + Level 9.6 Earth Magic
 + Level 9.6 Poison Magic
 + Level 12.4 Invocations
 + Level 11.4 Evocations


You had 18 spell levels left.
You knew the following spells:

 Your Spells              Type           Power      Damage    Failure   Level
a - Scorch                Fire           100%       2d10      1%          2
b - Searing Ray           Conj           100%       2d8       1%          2
c - Fulminant Prism       Conj/Hex       30%        3d15      2%          4
d - Vampiric Draining     Necr           60%        2d10      1%          3
e - Airstrike             Air            30%        2d(5-21)  2%          4
w - Lightning Bolt        Conj/Air       30%        1d47      7%          5

Your spell library contained the following spells:

 Spells                   Type           Power      Damage    Failure   Level
 Magic Dart               Conj           100%       1d8       1%          1
 Slow                     Hex            100%       N/A       1%          1
 Confusing Touch          Hex            60%        N/A       1%          3
 Summon Lightning Spire   Summ/Air       60%        N/A       2%          4
 Iskenderun's Battlesphe  Conj           60%        2d11      7%          5
 Iron Shot                Conj/Erth      30%        9d6       36%         6
 Spellforged Servitor     Conj/Summ      30%        N/A       90%         7
 Chain Lightning          Conj/Air       30%        3d40      100%        9
 Fire Storm               Conj/Fire      31%        8d8       100%        9
 Shatter                  Erth           30%        3d25*     100%        9


Dungeon Overview and Level Annotations

Branches:
Dungeon (15/15)            Temple (0/1) D:7            Lair (5/5) D:10
 Shoals (1/4) Lair:2       Spider (1/4) Lair:2        Slime (0/5) Lair:4
    Orc (2/2) D:12            Elf (0/3) Orc:2        Depths (0/4) D:15
Ossuary (visited)
 Vaults: D:13-14

Altars:
Cheibriados
Elyvilon
Fedhas
Gozag
Hepliaklqana
Kikubaaqudgha
Makhleb
Okawaru
Qazlal
Ru
Sif Muna
Trog
Uskayaw
Vehumet
Wu Jian
Xom
Yredelemnul
Jiyva

Shops:
D:5 =(?   D:14 ?   Orc:1 :   Orc:2 :!*(

Annotations:
D:13 Rupert
Lair:4 1 runed translucent door
Lair:5 3 runed translucent doors, soul19's ghost, journeyman TrFi


Innate Abilities, Weirdness & Mutations

You have very sharp teeth.
Your uncanny sense of smell can sniff out nearby items.
Your experience applies equally to all skills.


Message History

* * * LOW HITPOINT WARNING * * *
You block the demonic crawler's attack.
The demonic crawler hits you but does no damage.
You punch the demonic crawler!
The demonic crawler is heavily wounded.
The demonic crawler hits you but does no damage. x2
The demonic crawler hits you!
* * * LOW HITPOINT WARNING * * *
Your fulminant prism explodes!
The blast of energy engulfs the demonic crawler!
The demonic crawler is severely wounded.
Casting: Fulminant Prism (mildly dangerous; 2% risk of failure)
Confirm with . or Enter, or press ? or * to list all spells.
Flames lash the demonic crawler.
The demonic crawler is burned terribly!
The demonic crawler is almost dead.
The demonic crawler hits you but does no damage.
You block the demonic crawler's attack. The demonic crawler misses you.
The demonic crawler hits you!
* * * LOW HITPOINT WARNING * * *
The demonic crawler barely misses you. You block the demonic crawler's attack.
Casting: Scorch (safe; 1% risk of failure)
Confirm with . or Enter, or press ? or * to list all spells.
Flames lash the demonic crawler.
The demonic crawler is burned terribly!
The demonic crawler is almost dead.
The demonic crawler barely misses you. You block the demonic crawler's attack.
The demonic crawler barely misses you.
Unknown command.
Casting: Scorch (safe; 1% risk of failure)
Confirm with . or Enter, or press ? or * to list all spells.
Flames lash the demonic crawler.
The demonic crawler is burned terribly!
The demonic crawler is almost dead.
You block the demonic crawler's attack. x2
The demonic crawler hits you but does no damage.
Unknown command.
You barely miss the demonic crawler.
You bite the demonic crawler, but do no damage.
The demonic crawler is severely wounded.
The demonic crawler barely misses you. You block the demonic crawler's attack.
The demonic crawler hits you!
You die...

....>.##.###.......##
.......#.^##........#
.......#..###........
.......##..##........
......##..#.........
#.#..##.#..........
#.................. ∆
##..#..##.......^##.
...#^..#@####.......#
......ss## ##.....##
........# ##..###
##......# ####
#....... #.....!.
.......... ..........
...^.......


You could see 2 demonic crawlers.

Vanquished Creatures
  Saint Roka (Orc:2)
  Gastronok (Lair:3)
  An emperor scorpion (Spider:1)
  A broodmother (Spider:1)
  Josephine (D:13)
  2 fire dragons
  An ice dragon (D:15)
  6 hydras
  2 vault guards (D:13)
  3 ogre magi (D:15)
  A jorogumo (Spider:1)
  8 centaur warriors
  17 two-headed ogres
  2 catoblepae (Lair:5)
  5 death yaks
  A death knight (D:15)
  4 tengu warriors
  A boulder beetle (D:11)
  Nergalle (D:11)
  A fire crab (shapeshifter) (D:15)
  2 skeletal warriors
  A deep troll (D:12)
  A wizard (D:13)
  An orb spider (Spider:1)
  A harpy (Lair:2)
  A lindwurm (Lair:5)
  4 wolf spiders (Spider:1)
  An oklob plant (Lair:2)
  8 orc sorcerers
  16 ugly things
  8 manticores
  2 deep elf pyromancers
  5 elephants
  4 black mambas
  5 cyclopes
  3 gargoyles
  3 water nymphs
  10 cane toads
  An unseen horror (D:12)
  Maggie (D:6)
  A demonic crawler (Spider:1)
  10 komodo dragons
  2 kobold demonologists (D:12)
  2 unseen horror zombies (D:10)
  A freezing wraith (D:14)
  3 rime drakes (Lair:5)
  2 tengu conjurers
  A meliai (Lair:2)
  8 tarantellas (Spider:1)
  A merfolk (Shoals:1)
  A hornet (Lair:3)
  6 trolls
  12 blink frogs
  5 dream sheep
  A jumping spider (Spider:1)
  2 culicivoras (Spider:1)
  A centaur simulacrum (D:14)
  A slime creature (shapeshifter) (D:13)
  10 wraiths
  63 yaks
  11 slime creatures
  2 shadows
  A vampire (D:9)
  23 humans
  3 wyverns
  2 steam dragons
  8 basilisks
  10 redbacks
  8 vampire mosquitoes
  7 wargs
  3 acid dragons
  13 water moccasins
  4 ice beasts
  2 sky beasts
  13 orc warriors
  A black bear (Lair:1)
  9 ogres
  10 centaurs
  12 wolves
  A phantom (D:4)
  7 kobold brigands
  4 necrophages
  16 bullfrogs
  A gnoll sergeant (D:5)
  10 scorpions
  11 wights
  27 killer bees
  5 howler monkeys
  A lava snake (Lair:3)
  5 centaur zombies
  4 hounds
  Crazy Yiuf (D:7)
  3 human zombies
  11 orc priests
  2 gnoll boudas (D:9)
  Jessica (D:2)
  3 iguanas
  50 orc wizards
  5 mummies
  A howler monkey zombie (D:10)
  Robin (D:2)
  12 gnolls
  19 adders
  3 shadow imps
  An ufetubus (D:4)
  2 worms (D:2)
  6 dart slugs
  92 orcs
  6 ball pythons
  7 endoplasms
  8 giant cockroaches
  3 gnoll zombies (Ossuary)
  12 goblins
  10 hobgoblins
  7 jackals (D:1)
  27 kobolds
  3 quokkas (D:2)
  8 bats
  8 frilled lizards
  A goblin zombie (Ossuary)
  2 hobgoblin zombies (Ossuary)
  3 orc zombies (Ossuary)
  6 rats
  A butterfly (Lair:3)
  A fulminant prism (Orc:2)
831 creatures vanquished.

Vanquished Creatures (others)
  An unseen horror (D:13)
  A yak (D:10)
  A kobold brigand (D:8)
  237 fulminant prisms
  31 fungi
  79 plants
350 creatures vanquished.

Grand Total: 1181 creatures vanquished

Notes
Turn   | Place    | Note
-------+----------+-------------------------------------------
     0 | D:1      | Zenkrye the Gnoll Cinder Acolyte began the quest for the
                  | Orb.
     0 | D:1      | Reached XP level 1. HP: 23/23 MP: 4/4
    50 | D:1      | Reached XP level 2. HP: 3/29 MP: 5/5
   158 | D:1      | Learned a level 2 spell: Scorch
   255 | D:1      | Reached XP level 3. HP: 33/35 MP: 7/7
   466 | D:1      | Reached skill level 1 in Invocations
   634 | D:1      | Reached skill level 1 in Short Blades
   634 | D:1      | Reached skill level 1 in Long Blades
   634 | D:1      | Reached skill level 1 in Axes
   634 | D:1      | Reached skill level 1 in Maces & Flails
   634 | D:1      | Reached skill level 1 in Polearms
   634 | D:1      | Reached skill level 1 in Staves
   634 | D:1      | Reached skill level 1 in Ranged Weapons
   634 | D:1      | Reached skill level 1 in Throwing
   634 | D:1      | Reached skill level 1 in Armour
   634 | D:1      | Reached skill level 1 in Dodging
   634 | D:1      | Reached skill level 1 in Stealth
   634 | D:1      | Reached skill level 1 in Shields
   634 | D:1      | Reached skill level 1 in Evocations
   976 | D:2      | Reached XP level 4. HP: 41/41 MP: 8/8
  1110 | D:2      | Noticed Robin
  1200 | D:2      | Killed Robin
  1201 | D:2      | Reached skill level 1 in Conjurations
  1201 | D:2      | Reached skill level 1 in Hexes
  1201 | D:2      | Reached skill level 1 in Summonings
  1201 | D:2      | Reached skill level 1 in Necromancy
  1201 | D:2      | Reached skill level 1 in Translocations
  1201 | D:2      | Reached skill level 1 in Transmutations
  1201 | D:2      | Reached skill level 1 in Ice Magic
  1201 | D:2      | Reached skill level 1 in Air Magic
  1201 | D:2      | Reached skill level 1 in Earth Magic
  1201 | D:2      | Reached skill level 1 in Poison Magic
  1490 | D:2      | Noticed Jessica
  1492 | D:2      | Killed Jessica
  1493 | D:2      | Reached XP level 5. HP: 43/47 MP: 4/9
  2797 | D:3      | Noticed a kobold brigand
  2801 | D:3      | Killed a kobold brigand
  2802 | D:3      | Reached XP level 6. HP: 47/53 MP: 3/11
  3107 | D:3      | Found a stormy altar of Qazlal.
  3884 | D:4      | Found a sacrificial altar of Ru.
  3884 | D:4      | Found a bloodstained altar of Trog.
  3884 | D:4      | Found a snail-covered altar of Cheibriados.
  3884 | D:4      | Found a hide-covered altar of Uskayaw.
  3885 | D:4      | Found a blossoming altar of Fedhas.
  3885 | D:4      | Found a white marble altar of Elyvilon.
  3887 | D:4      | Found a shimmering blue altar of Sif Muna.
  3887 | D:4      | Found a radiant altar of Vehumet.
  3887 | D:4      | Found a shimmering altar of Xom.
  4036 | D:4      | Found an ornate altar of the Wu Jian Council.
  4346 | D:5      | Entered Level 5 of the Dungeon
  4346 | D:5      | Found Maenein's Magic Scroll Shoppe.
  4568 | D:5      | Noticed an ice beast
  4578 | D:4      | Reached XP level 7. HP: 30/60 MP: 2/12
  5162 | D:5      | Reached XP level 8. HP: 31/67 MP: 1/14
  5450 | D:5      | Found Dyarch's Antique Weapon Boutique.
  5547 | D:5      | Found Roguomyt's Jewellery Boutique.
  5960 | D:6      | Found a sand-covered staircase.
  5971 | Ossuary  | Entered an ossuary
  6587 | Ossuary  | Reached XP level 9. HP: 73/73 MP: 11/16
  6780 | Ossuary  | Reached skill level 5 in Spellcasting
  7067 | D:6      | Noticed Maggie
  7083 | D:6      | Killed Maggie
  7390 | D:6      | Reached skill level 5 in Invocations
  8807 | D:7      | Reached skill level 5 in Short Blades
  8807 | D:7      | Reached skill level 5 in Long Blades
  8807 | D:7      | Reached skill level 5 in Axes
  8807 | D:7      | Reached skill level 5 in Maces & Flails
  8807 | D:7      | Reached skill level 5 in Polearms
  8807 | D:7      | Reached skill level 5 in Staves
  8807 | D:7      | Reached skill level 5 in Ranged Weapons
  8807 | D:7      | Reached skill level 5 in Throwing
  8807 | D:7      | Reached skill level 5 in Armour
  8807 | D:7      | Reached skill level 5 in Dodging
  8807 | D:7      | Reached skill level 5 in Stealth
  8807 | D:7      | Reached skill level 5 in Shields
  8807 | D:7      | Reached skill level 5 in Evocations
  8807 | D:7      | Reached XP level 10. HP: 81/81 MP: 13/18
  9067 | D:7      | Learned a level 2 spell: Searing Ray
  9148 | D:7      | Found a hazy altar of Hepliaklqana.
  9259 | D:7      | Found a burning altar of Makhleb.
  9335 | D:7      | Found a runed translucent door.
  9336 | D:7      | Noticed Crazy Yiuf
  9385 | D:7      | Found a staircase to the Ecumenical Temple.
  9456 | D:7      | Learned a level 3 spell: Vampiric Draining
  9581 | D:8      | Noticed a two-headed ogre
 10143 | D:8      | Killed a two-headed ogre
 10429 | D:8      | Identified the +2 robe "Fymyboet" {rF+ Regen+}
 10429 | D:8      | Noticed a centaur warrior
 10851 | D:8      | Identified the +4 plate armour "Hougiul" {Str+7}
 11055 | D:8      | Found an iron altar of Okawaru.
 11271 | D:9      | Reached skill level 5 in Conjurations
 11271 | D:9      | Reached skill level 5 in Hexes
 11271 | D:9      | Reached skill level 5 in Summonings
 11271 | D:9      | Reached skill level 5 in Necromancy
 11271 | D:9      | Reached skill level 5 in Translocations
 11271 | D:9      | Reached skill level 5 in Transmutations
 11271 | D:9      | Reached skill level 5 in Ice Magic
 11271 | D:9      | Reached skill level 5 in Air Magic
 11271 | D:9      | Reached skill level 5 in Earth Magic
 11271 | D:9      | Reached skill level 5 in Poison Magic
 11283 | D:9      | Reached XP level 11. HP: 89/89 MP: 21/21
 11444 | D:9      | Noticed a two-headed ogre
 11460 | D:9      | Killed a two-headed ogre
 12535 | D:9      | Learned a level 4 spell: Fulminant Prism
 12538 | D:10     | Entered Level 10 of the Dungeon
 13171 | D:10     | Found a staircase to the Lair.
 13606 | D:10     | Noticed a two-headed ogre
 13617 | D:10     | Killed a two-headed ogre
 13749 | D:10     | Found a basalt altar of Yredelemnul.
 13891 | D:10     | Found an ancient bone altar of Kikubaaqudgha.
 14261 | D:10     | Reached XP level 12. HP: 79/97 MP: 21/23
 14452 | D:11     | Noticed a boulder beetle
 14499 | Lair:1   | Entered Level 1 of the Lair of Beasts
 15636 | Lair:2   | Reached skill level 10 in Fighting
 15636 | Lair:2   | Reached skill level 10 in Unarmed Combat
 15679 | Lair:2   | Found a staircase to the Shoals.
 16032 | Lair:2   | Found a hole to the Spider Nest.
 17031 | Lair:3   | Noticed Gastronok
 17085 | Lair:3   | Killed Gastronok
 18173 | Lair:3   | Upgraded the game from 0.30-a0-715-gdb4ae3ece1 to
                  | 0.30-a0-722-g3e6e8c874d
 18238 | Lair:4   | Reached XP level 13. HP: 95/104 MP: 18/25
 19082 | Lair:4   | Learned a level 4 spell: Airstrike
 19643 | Lair:4   | Found a runed translucent door.
 19644 | Lair:4   | Noticed an azure jelly
 19648 | Lair:4   | Found a viscous altar of Jiyva.
 19649 | Lair:4   | Found a staircase to the Slime Pits.
 19649 | Lair:4   | Noticed an azure jelly
 19649 | Lair:4   | Noticed an azure jelly
 20149 | D:11     | Noticed Nergalle
 20891 | D:12     | Found a staircase to the Orcish Mines.
 22164 | Orc:1    | Entered Level 1 of the Orcish Mines
 22381 | Orc:1    | Found Saesaamp's Book Shop.
 22823 | Orc:1    | You fall into a shaft and drop 1 floor!
 22823 | Orc:2    | Entered Level 2 of the Orcish Mines
 22823 | Orc:2    | Found a staircase to the Elven Halls.
 23326 | Orc:2    | Noticed Saint Roka
 24050 | Orc:2    | Killed Saint Roka
 24051 | Orc:2    | Reached skill level 10 in Invocations
 24051 | Orc:2    | Reached XP level 14. HP: 37/113 MP: 27/27
 24309 | Orc:2    | Paralysed by an orc sorcerer for 4 turns
 24505 | Orc:2    | Paralysed by an orc sorcerer for 2 turns
 24830 | Orc:2    | Found Hysyzid's Weapon Shop.
 24830 | Orc:2    | Found Tacoh's Assorted Antiques.
 25144 | Orc:2    | Found Lajycodd's Distillery.
 25144 | Orc:2    | Found Noiproum's Book Emporium.
 25744 | D:13     | Reached skill level 10 in Spellcasting
 26514 | D:13     | Noticed Josephine
 26551 | D:13     | Noticed Rupert
 27570 | D:14     | Reached skill level 10 in Fire Magic
 27900 | D:14     | Reached skill level 10 in Short Blades
 27900 | D:14     | Reached skill level 10 in Long Blades
 27900 | D:14     | Reached skill level 10 in Axes
 27900 | D:14     | Reached skill level 10 in Maces & Flails
 27900 | D:14     | Reached skill level 10 in Polearms
 27900 | D:14     | Reached skill level 10 in Staves
 27900 | D:14     | Reached skill level 10 in Ranged Weapons
 27900 | D:14     | Reached skill level 10 in Throwing
 27900 | D:14     | Reached skill level 10 in Armour
 27900 | D:14     | Reached skill level 10 in Dodging
 27900 | D:14     | Reached skill level 10 in Stealth
 27900 | D:14     | Reached skill level 10 in Shields
 27900 | D:14     | Reached skill level 10 in Evocations
 28311 | D:14     | Found Igoppery's Magic Scroll Boutique.
 28316 | D:14     | Bought a scroll of acquirement for 884 gold pieces
 28316 | D:14     | Bought a scroll of enchant armour for 127 gold pieces
 28318 | D:14     | Acquired the +2 pair of boots of Xum Xagh {Will+++ rCorr
                  | Str+4 Int-3}
 28399 | D:14     | Found an ornate altar of the Wu Jian Council.
 28407 | D:14     | Upgraded the game from 0.30-a0-722-g3e6e8c874d to
                  | 0.30-a0-728-gc68057be0a
 28474 | D:15     | Entered Level 15 of the Dungeon
 28523 | D:15     | Reached XP level 15. HP: 120/120 MP: 20/29
 29487 | D:15     | Found a staircase to the Depths.
 29588 | D:15     | Found an opulent altar of Gozag.
 29588 | D:15     | Found an opulent altar of Gozag.
 29592 | D:15     | Found an opulent altar of Gozag.
 29605 | D:15     | Found an opulent altar of Gozag.
 30308 | D:15     | Learned a level 5 spell: Lightning Bolt
 31830 | D:13     | Killed Josephine
 32243 | D:11     | Identified the +2 quarterstaff of Fate {heavy, rCorr Dex+4}
 32285 | D:11     | Identified the ring "Losyec" {+Blink rN+++ Will- Str+6
                  | Stlth+}
 32432 | D:11     | Killed Nergalle
 32789 | D:7      | Killed Crazy Yiuf
 32940 | Spider:1 | Entered Level 1 of the Spider Nest
 33016 | Lair:5   | Entered Level 5 of the Lair of Beasts
 33546 | Lair:4   | Reached XP level 16. HP: 45/129 MP: 26/31
 34243 | Lair:5   | Found a runed translucent gate.
 34243 | Lair:5   | Found a runed translucent gate.
 34243 | Lair:5   | Found a runed translucent gate.
 34243 | Lair:5   | Noticed an azure jelly
 34243 | Lair:5   | Noticed an acid blob
 34243 | Lair:5   | Noticed an azure jelly
 34246 | Lair:5   | Noticed an azure jelly
 34268 | Lair:5   | Noticed soul19's ghost (journeyman TrFi)
 34268 | Lair:5   | Noticed an acid blob
 34270 | Lair:5   | Noticed an acid blob
 34272 | Lair:5   | Noticed a rockslime
 34273 | Lair:5   | Found a viscous altar of Jiyva.
 35527 | Shoals:1 | Entered Level 1 of the Shoals
 35823 | Orc:2    | Bought a book of Power for 588 gold pieces
 35850 | Orc:1    | Bought a book of Annihilations for 960 gold pieces
 37019 | Spider:1 | Slain by a demonic crawler

Illustrated notes

Levels and vault maps discovered:
D:1:      lemuel_arrival_room, layout_rooms, serial_bayou_crossing
D:2:      layout_loops_corners, grunt_ministairs_7, minmay_joined_circles,
          uniq_jessica, uniq_robin
D:3:      layout_basic, nicolae_qazlal_eye_of_the_storm
D:4:      layout_basic, mainiacjoe_overflow_catwalk, nicolae_overflows_in_rows
D:5:      layout_rooms, serial_shops, shop_fountains, shop_statue,
          nicolae_stop_n_shop_2
D:6:      layout_basic, lightli_ossuary_entry_decrepit_ruins,
          skrybe_limestone_x, kb_lookout_dungeons_type, st_stairs_7, uniq_maggie
D:7:      layout_rooms, mainiacjoe_overflow_two_lobes,
          minmay_temple_entry_trees, uniq_crazy_yiuf_cottage
D:8:      minmay_the_grid_octo_triangle [minmay_the_grid_octo_fat_diamond,
          minmay_the_grid_octo_prize_star, minmay_the_grid_octo_checkerflower],
          layout_gridville, mainiacjoe_overflow_chevrons,
          minmay_misc_feat_four_crosses, grunt_ministairs_2
D:9:      layout_basic, minmay_fractal_squares_diagonal_5
D:10:     layout_loops_cross, kennysheep_mini,
          lemuel_mausoleum_altar_kikubaaqudgha, david_lair_generic
D:11:     layout_rooms, uniq_nergalle
D:12:     dreamdust_cave_troll, layout_irregular_city, erik_orc_4
D:13:     minmay_bubble_buster, layout_irregular_city,
          grunt_vaults_entry_tiered, uniq_josephine, uniq_rupert
D:14:     layout_stronghold, serial_shops, nicolae_shop_behind_doors,
          nicolae_wu_jian_immortal_techniques
D:15:     grunt_enter_depths_hoard, layout_long_grid,
          nicolae_gozag_conspicuous_consumption
Lair:1:   layout_cave_pods, fungi_pond_lemuel
Lair:2:   layout_regular_city, nicolae_shoals_entry_flooding,
          hellmonk_spider_entry_not_the_bees, minmay_lair_oklob_items,
          eino_small_chamber_without_monster
Lair:3:   minmay_lair_venomous_thicket, layout_gridlike, lemuel_fruit_fields,
          uniq_gastronok
Lair:4:   cheibrodos_lair_river_kwai, layout_cave_shapes, slime_entry_2,
          grunt_forest_stairs_basic, grunt_megastairs_4
Lair:5:   evilmike_catoblepas_cave, layout_big_grid, gammafunk_ghost_ooze
Shoals:1: dreamdust_from_the_deep, layout_shoals, hellmonk_ghost_happy_afterlife
Spider:1: layout_cave_pods, uniq_kirke
Orc:1:    layout_caves, serial_shops, shop
Orc:2:    st_orc_town, layout_caves, uniq_saint_roka

Skill      XL: |  1  2  3  4  5  6  7  8  9 10 11 12 13 14 15 16 |
---------------+-------------------------------------------------+-----
Invocations    | 1 2 3 4 5 6 7 8 10 11 12 | 12.4
Short Blades   | 1 2 3 5 6 7 8 9 10 11 | 11.4
Long Blades    | 1 2 3 5 6 7 8 9 10 11 | 11.4
Axes           | 1 2 3 5 6 7 8 9 10 11 | 11.4
Maces & Flails | 1 2 3 5 6 7 8 9 10 11 | 11.4
Polearms       | 1 2 3 5 6 7 8 9 10 11 | 11.4
Staves         | 1 2 3 5 6 7 8 9 10 11 | 11.4
Ranged Weapons | 1 2 3 5 6 7 8 9 10 11 | 11.4
Throwing       | 1 2 3 5 6 7 8 9 10 11 | 11.4
Armour         | 1 2 3 5 6 7 8 9 10 11 | 11.4
Dodging        | 1 2 3 5 6 7 8 9 10 11 | 11.4
Stealth        | 1 2 3 5 6 7 8 9 10 11 | 11.4
Shields        | 1 2 3 5 6 7 8 9 10 11 | 11.4
Evocations     | 1 2 3 5 6 7 8 9 10 11 | 11.4
Spellcasting   | 3 4 5 6 7 8 9 10 11 | 11.8
Conjurations   | 1 2 3 4 5 6 7 8 9 |  9.6
Hexes          | 1 2 3 4 5 6 7 8 9 |  9.6
Summonings     | 1 2 3 4 5 6 7 8 9 |  9.6
Necromancy     | 1 2 3 4 5 6 7 8 9 |  9.6
Translocations | 1 2 3 4 5 6 7 8 9 |  9.6
Transmutations | 1 2 3 4 5 6 7 8 9 |  9.6
Ice Magic      | 1 2 3 4 5 6 7 8 9 |  9.6
Air Magic      | 1 2 3 4 5 6 7 8 9 |  9.6
Earth Magic    | 1 2 3 4 5 6 7 8 9 |  9.6
Poison Magic   | 1 2 3 4 5 6 7 8 9 |  9.6
Fighting       | 7 8 9 10 11 12 13 | 13.0
Unarmed Combat | 7 8 9 10 11 12 13 | 13.0
Fire Magic     | 6 7 8 9 10 11 | 11.1

Action                     |  1- 3 |  4- 6 |  7- 9 | 10-12 | 13-15 | 16-18 || total
---------------------------+-------+-------+-------+-------+-------+-------++-------
  Melee: Unarmed           |    75 |       |       |    49 |   499 |   264 ||   887
         Bite              |     4 |    20 |    23 |    44 |    64 |    45 ||   200
         Punch             |     4 |     9 |     6 |    22 |     9 |       ||    50
         Short sword       |     7 |    87 |   115 |    76 |     3 |       ||   288
         Dagger            |       |   149 |    83 |   205 |       |       ||   437
         Flail             |       |       |       |     2 |       |       ||     2
         Hand axe          |       |       |       |    12 |       |       ||    12
  Throw: Dart              |     1 |       |       |    92 |   189 |       ||   282
         Boomerang         |       |    16 |    68 |    78 |   102 |    20 ||   284
   Cast: Scorch            |    12 |    33 |   132 |   311 |   330 |    97 ||   915
         Searing Ray       |       |       |       |    14 |     1 |       ||    15
         Vampiric Draining |       |       |       |     2 |     3 |       ||     5
         Fulminant Prism   |       |       |       |    34 |   169 |    35 ||   238
         Airstrike         |       |       |       |       |    75 |     3 ||    78
         Lightning Bolt    |       |       |       |       |       |     3 ||     3
  Evoke: Wand              |       |       |     3 |     5 |     8 |     2 ||    18
         Phial of floods   |       |       |       |       |     3 |       ||     3
         Condenser vane    |       |       |       |       |     1 |     2 ||     3
    Use: Scroll            |     4 |    16 |     9 |     6 |    12 |     1 ||    48
         Potion            |       |     1 |     1 |     5 |     4 |    12 ||    23
   Stab: Sleeping          |       |     1 |       |       |     2 |       ||     3
         Paralysed         |       |       |     8 |       |       |       ||     8
 Armour: Robe              |    14 |       |       |       |       |       ||    14
         Leather armour    |     1 |    70 |    65 |       |       |       ||   136
         Swamp dragon scal |       |       |    23 |   264 |   389 |   245 ||   921
         Skin              |       |       |       |     1 |       |       ||     1
  Dodge: Dodged            |    47 |   167 |   104 |   238 |   352 |   207 ||  1115
  Block: Other             |       |    10 |    50 |   129 |    78 |       ||   267
         Reflection        |       |       |     4 |     5 |    24 |       ||    33
         Buckler           |       |       |       |       |   165 |       ||   165
         Kite shield       |       |       |       |       |   172 |   397 ||   569

Table legend: (Time is in decaauts)
 A = Elapsed time spent in this place.
 B = Non-inter-level travel time spent in this place.
 C = Inter-level travel time spent in this place.
 D = Time resting spent in this place.
 E = Time spent auto-exploring this place.
 F = Levels seen in this place.
 G = Mean time per level.
                   A        B        C        D        E       F      G
               +--------+--------+--------+--------+--------+-----+--------+
         Total |  36713 |  34159 |   2554 |   7365 |  20114 |  25 | 1468.5 |
       Dungeon |  23379 |  21711 |   1668 |   4488 |  12915 |  15 | 1558.6 |
          Lair |   8267 |   7595 |    672 |   1220 |   5169 |   5 | 1653.4 |
        Shoals |     67 |     67 |      0 |      0 |     40 |   1 |   67.0 |
   Spider Nest |    844 |    842 |      2 |    352 |    243 |   1 |  844.0 |
  Orcish Mines |   3166 |   2956 |    210 |    851 |   1443 |   2 | 1583.0 |
       Ossuary |    988 |    988 |      0 |    453 |    304 |   1 |  988.0 |
               +--------+--------+--------+--------+--------+-----+--------+

Top non-repeatable levels by time:
  Lair:4: 2837 daAuts
    D:14: 2419 daAuts
    D:13: 2344 daAuts
    D:10: 2087 daAuts
    D:12: 1928 daAuts
     D:6: 1837 daAuts
   Orc:2: 1803 daAuts
     D:9: 1667 daAuts
  Lair:2: 1631 daAuts
    D:15: 1524 daAuts
     D:4: 1490 daAuts
     D:2: 1469 daAuts
   Orc:1: 1362 daAuts
  Lair:5: 1354 daAuts
     D:7: 1352 daAuts
